 Dungeon Crawl Stone Soup version 0.29-a0-398-ge13fd1374b (webtiles) character file.

Game seed: 13562435911603058249

1915 chopper the Cleaver (level 8, -8/70 HPs)
             Began as a Minotaur Fighter on May 13, 2022.
             Was a Believer of Nemelex Xobeh.
             Mangled by an eight-headed hydra (9 damage)
             ... on level 7 of the Dungeon.
             The game lasted 00:26:35 (6015 turns).

chopper the Cleaver (Minotaur Fighter)              Turns: 6015, Time: 00:26:37

Health: -8/70      AC: 15    Str: 24    XL:     8   Next: 95%
Magic:  7/7        EV: 11    Int:  5    God:    Nemelex Xobeh [**....]
Gold:   203        SH:  6    Dex: 15    Spells: 7/7 levels left

rFire   . . .      SeeInvis .   a - +0 war axe
rCold   . . .      Faith    .   c - +0 buckler
rNeg    . . .      Spirit   .   G - +0 plate armour
rPois   .          Reflect  .   (helmet restricted)
rElec   .          Harm     .   i - scarf {+Inv}
rCorr   .          Rampage  .   (no gloves)
Will    .....                   D - +0 pair of boots
Stlth   ..........              b - amulet of regeneration
HPRegen 1.01/turn               l - +4 ring of evasion
MPRegen 0.10/turn               m - +6 ring of dexterity

@: no status effects
A: horns 2, retaliatory headbutt
a: Renounce Religion, Evoke Invisibility, Draw Escape, Draw Destruction, Draw
Summoning


You were on level 7 of the Dungeon.
You worshipped Nemelex Xobeh.
Nemelex Xobeh was pleased with you.
You visited 2 branches of the dungeon, and saw 8 of its levels.

You collected 203 gold pieces.

Inventory:

Hand Weapons
 a - a +0 war axe (weapon)
 h - a +2 dagger of venom
 x - a +2 dagger of flaming
 C - a +2 morningstar of draining
Missiles
 s - 4 datura-tipped darts (quivered)
 y - 5 boomerangs
Armour
 c - a +0 buckler (worn)
 i - a scarf of invisibility (worn)
 D - a +0 pair of boots (worn)
 G - a +0 plate armour (worn)
Jewellery
 b - an amulet of regeneration (around neck)
 e - a ring of protection from cold
 l - a +4 ring of evasion (left hand)
 m - a +6 ring of dexterity (right hand)
 p - an amulet of faith
 r - a ring of ice
 E - an amulet of guardian spirit
 H - a ring of willpower
Wands
 q - a wand of acid (9)
 A - a wand of polymorph (5)
Scrolls
 d - a scroll of summoning {unknown}
 f - 3 scrolls of identify {unknown}
 g - 2 scrolls of amnesia {unknown}
 k - a scroll of blinking {unknown}
 u - 5 scrolls of teleportation {unknown}
 w - 2 scrolls of enchant weapon {unknown}
 z - a scroll of noise {unknown}
 B - a scroll of fear {unknown}
 F - a scroll of poison {unknown}
Potions
 j - 2 potions of heal wounds {unknown}
 n - a potion of attraction {unknown}
 o - 3 potions of brilliance {unknown}
 t - 2 potions of berserk rage {unknown}
 v - 3 potions of curing {unknown}
 I - a potion of ambrosia {unknown}
 J - a potion of resistance {unknown}
 K - a potion of magic {unknown}


   Skills:
 + Level 6.1 Fighting
 + Level 9.1 Axes
 + Level 8.5 Armour
 + Level 1.7 Dodging
 + Level 1.0 Stealth
 + Level 6.0 Shields
 + Level 0.1 Evocations


You had 7 spell levels left.
You didn't know any spells.
Your spell library contained the following spells:

 Spells                   Type           Power      Damage    Failure   Level
 Summon Small Mammal      Summ           0%         N/A       100%        1
 Call Canine Familiar     Summ           0%         N/A       100%        3
 Summon Guardian Golem    Hex/Summ       0%         N/A       100%        3


Dungeon Overview and Level Annotations

Branches:
Dungeon (7/15)             Temple (1/1) D:4

Altars:
Ashenzari
Cheibriados
Dithmenos
Elyvilon
Gozag
Kikubaaqudgha
Makhleb
Nemelex Xobeh
Okawaru
Qazlal
Ru
Trog
Uskayaw
Wu Jian
Zin

Shops:
D:5 *

Portals:
Abyss: D:4

Annotations:
D:4 1 transporter, zeratav's ghost, amateur OpEE
D:6 3 runed translucent doors, Bediveer's ghost, novice DgHu


Innate Abilities, Weirdness & Mutations

You have a pair of horns on your head.
You reflexively headbutt those who attack you in melee.


Message History

Items here: ( )) [ ÷÷.
Things that are here:
+0 steam dragon scales; a steam dragon corpse The eight-headed hydra attacks as you move away!
The eight-headed hydra barely misses you.
The eight-headed hydra bites you!
The eight-headed hydra bites you but does no damage.
The eight-headed hydra barely misses you.
You block the eight-headed hydra's attack.
The eight-headed hydra bites you but does no damage. x3
Aiming: Polymorph
Press: ? - help, Shift-Dir - straight line, f - eight-headed hydra
Aim: an eight-headed hydra (will become an ettin, a goliath frog, or an anaconda, chance to affect: 17%)
The eight-headed hydra resists with almost no effort.
You block the eight-headed hydra's attack.
The eight-headed hydra bites you!
The eight-headed hydra bites you but does no damage.
The eight-headed hydra bites you.
The eight-headed hydra barely misses you.
The eight-headed hydra misses you. The eight-headed hydra bites you!
* * * LOW HITPOINT WARNING * * *
The eight-headed hydra bites you but does no damage.
You draw a card...
You have drawn the Cloud.
Clouds appear around you!
The eight-headed hydra barely misses you.
The eight-headed hydra closely misses you. x2
The eight-headed hydra bites you but does no damage.
The eight-headed hydra bites you.
* * * LOW HITPOINT WARNING * * *
You block the eight-headed hydra's attack.
The eight-headed hydra bites you.
* * * LOW HITPOINT WARNING * * *
The eight-headed hydra bites you but does no damage.
You draw a card...
You have drawn the Tomb.
Walls emerge from the floor!
The eight-headed hydra barely misses you.
The eight-headed hydra bites you!
* * * LOW HITPOINT WARNING * * *
The eight-headed hydra closely misses you.
The eight-headed hydra bites you!
You die...
Your body disappears without a glow.

.# .# .# .# .# ##.# #
#<.# . #### ##. #@# #.#
#D# #.# #.# ##§##
#.#####.#
..####)).#######.#......
#..............##.#......
#.#####...####.##.#####.#
............#.##.# #.#
#### ######...##.#.##.#
#.# $...###
##.###......#####.#


You could see an eight-headed hydra.

Vanquished Creatures
  A steam dragon (D:7)
  A water moccasin (D:6)
  A sky beast (D:5)
  3 ice beasts (D:6)
  4 ogres
  A centaur (D:7)
  2 bullfrogs
  A necrophage (D:5)
  A scorpion (D:4)
  4 howler monkeys
  2 orc priests
  A jelly (D:7)
  2 hounds
  An iguana (D:5)
  Jessica (D:3)
  Terence (D:3)
  5 orc wizards
  4 adders
  A white imp (D:6)
  An ufetubus (D:6)
  3 dart slugs
  21 orcs
  13 ball pythons
  8 endoplasms
  3 giant cockroaches
  9 hobgoblins
  A quokka (D:5)
  4 bats
  3 frilled lizards
  5 goblins
  4 kobolds
  5 rats
117 creatures vanquished.

Vanquished Creatures (others)
  An orc wizard (D:7)
1 creature vanquished.

Grand Total: 118 creatures vanquished

Notes
Turn   | Place    | Note
-------+----------+-------------------------------------------
     0 | D:1      | chopper the Minotaur Fighter began the quest for the Orb.
     0 | D:1      | Reached XP level 1. HP: 19/19 MP: 0/0
   481 | D:1      | Reached XP level 2. HP: 24/27 MP: 1/1
  1020 | D:1      | Found a faded altar of an unknown god.
  1324 | D:2      | Reached XP level 3. HP: 33/33 MP: 2/2
  1981 | D:3      | Noticed Jessica
  1986 | D:3      | Killed Jessica
  1987 | D:3      | Reached skill level 3 in Axes
  1987 | D:3      | Reached XP level 4. HP: 19/40 MP: 3/3
  2445 | D:3      | Noticed Terence
  2452 | D:3      | Killed Terence
  2453 | D:3      | Reached skill level 4 in Axes
  2986 | D:4      | Found a staircase to the Ecumenical Temple.
  3007 | Temple   | Entered the Ecumenical Temple
  3036 | Temple   | Became a worshipper of Nemelex Xobeh the Trickster
  3244 | D:4      | Noticed a scorpion
  3251 | D:4      | Killed a scorpion
  3252 | D:4      | Reached XP level 5. HP: 43/47 MP: 4/4
  3399 | D:4      | Reached skill level 5 in Axes
  3846 | D:4      | Found a transporter.
  3868 | D:4      | Noticed an ancient zyme
  3897 | D:4      | Noticed a small abomination
  3910 | D:4      | Noticed a small abomination
  3924 | D:4      | Found a one-way gate to the infinite horrors of the Abyss.
  3924 | D:4      | Noticed zeratav's ghost (amateur OpEE)
  4035 | D:5      | Entered Level 5 of the Dungeon
  4068 | D:5      | Reached XP level 6. HP: 47/53 MP: 5/5
  4134 | D:5      | Reached * piety under Nemelex Xobeh
  4303 | D:5      | Reached skill level 5 in Armour
  4323 | D:5      | Reached skill level 5 in Shields
  4384 | D:5      | Received a gift from Nemelex Xobeh
  4405 | D:5      | Reached skill level 6 in Axes
  4407 | D:5      | Reached XP level 7. HP: 60/60 MP: 6/6
  4485 | D:5      | Found Jesat's Assorted Antiques.
  4520 | D:5      | Reached skill level 5 in Fighting
  4520 | D:5      | Reached skill level 1 in Dodging
  4601 | D:5      | Reached skill level 7 in Axes
  5112 | D:6      | Reached ** piety under Nemelex Xobeh
  5123 | D:6      | Reached XP level 8. HP: 32/69 MP: 7/7
  5268 | D:6      | Found a runed translucent gate.
  5270 | D:6      | Noticed Bediveer's ghost (novice DgHu)
  5283 | D:6      | Found a runed translucent gate.
  5283 | D:6      | Noticed a two-headed ogre
  5284 | D:6      | Found a runed translucent gate.
  5340 | D:6      | Reached skill level 8 in Axes
  5340 | D:6      | Reached skill level 1 in Stealth
  5525 | D:6      | Received a gift from Nemelex Xobeh
  5861 | D:7      | Reached skill level 9 in Axes
  5987 | D:7      | Noticed an eight-headed hydra
  6015 | D:7      | HP: 1/70 [eight-headed hydra (7)]
  6015 | D:7      | Mangled by an eight-headed hydra

Illustrated notes

Levels and vault maps discovered:
D:1:      lightli_arrival_quake, layout_basic,
          hellmonk_ecumenical_altar_arch_garden, dreamdust_mushroom_princess,
          serial_park_tiny_pond, minmay_misc_feat_chi
D:2:      layout_loops_ring
D:3:      layout_basic, uniq_jessica, uniq_terence
D:4:      layout_basic, minmay_temple_entry_grid, gammafunk_ghost_abyssal_escape
D:5:      layout_loops_ring, serial_shops, nicolae_shop_hallway_stairs,
          serial_park_tiny_pond, nicolae_elevator_lobby_asterisk
D:6:      layout_gridville, gammafunk_ghost_split
D:7:      layout_loops_ring, grunt_temple_overflow_open, minmay_door_square,
          minmay_misc_feat_tower, minmay_manual_mail
Temple:   nicolae_temple_x_marks_the_god

Skill      XL: |  1  2  3  4  5  6  7  8 |
---------------+-------------------------+-----
Fighting       | 4 5 6 |  6.1
Shields        | 4 5 6 |  6.0
Armour         | 4 5 6 8 |  8.5
Axes           | 3 4 5 6 7 9 |  9.1
Dodging        | 1 |  1.7
Stealth        | 1 |  1.0
Evocations     | |  0.1

Action                   |  1- 3 |  4- 6 |  7- 9 || total
-------------------------+-------+-------+-------++-------
Melee: War axe           |    62 |    80 |   144 ||   286
       Headbutt          |    11 |    17 |    25 ||    53
Invok: Draw Escape       |       |       |     2 ||     2
Evoke: Wand              |     1 |       |     1 ||     2
  Use: Potion            |       |     1 |       ||     1
Armor: Scale mail        |    29 |    16 |       ||    45
       Chain mail        |       |     9 |    67 ||    76
       Plate armour      |       |       |    40 ||    40
Dodge: Dodged            |    40 |    62 |    79 ||   181
Block: Buckler           |    24 |    21 |    41 ||    86

Table legend: (Time is in decaauts)
 A = Elapsed time spent in this place.
 B = Non-inter-level travel time spent in this place.
 C = Inter-level travel time spent in this place.
 D = Time resting spent in this place.
 E = Time spent auto-exploring this place.
 F = Levels seen in this place.
 G = Mean time per level.
                   A        B        C        D        E       F      G
               +--------+--------+--------+--------+--------+-----+--------+
         Total |   6082 |   6082 |      0 |    796 |      0 |   8 |  760.2 |
       Dungeon |   6033 |   6033 |      0 |    796 |      0 |   7 |  861.9 |
        Temple |     48 |     48 |      0 |      0 |      0 |   1 |   48.0 |
               +--------+--------+--------+--------+--------+-----+--------+

Top non-repeatable levels by time:
     D:1: 1154 daAuts
     D:3: 1091 daAuts
     D:4: 1013 daAuts
     D:5: 1005 daAuts
     D:6: 800 daAuts
     D:2: 769 daAuts
     D:7: 199 daAuts
  Temple: 48 daAuts
